 Dungeon Crawl Stone Soup version 0.19.0-11-g3fc08b3 (webtiles) character file.

104 jerryfan the Stinger (level 4, -18/18 HPs)
             Began as a Spriggan Venom Mage on Nov 9, 2016.
             Was a Follower of Hepliaklqana.
             Killed from afar by an orc (28 damage)
             ... with an exploding inner flame
             ... hexed by the player character
             ... on level 3 of the Dungeon.
             The game lasted 00:11:50 (1842 turns).

jerryfan the Stinger (Spriggan Venom Mage)          Turns: 1842, Time: 00:11:50

Health: -18/18     AC:  2    Str:  4    XL:     4   Next: 52%
Magic:  5/9        EV: 18    Int: 17    God:    Hepliaklqana [*.....]
Gold:   148        SH:  5    Dex: 16    Spells: 2 memorised, 5 levels left

rFire  . . .     SeeInvis +     d - +2 dagger (freeze)
rCold  . . .     Gourm    .     a - +0 robe
rNeg   . . .     Faith    .     e - +0 buckler (curse)
rPois  .         Spirit   .     (helmet restricted)
rElec  .         Reflect  .     (no cloak)
rCorr  .         Harm     .     (gloves unavailable)
MR     .....                    (boots unavailable)
Stlth  +++.......               (no amulet)
                                (no ring)
                                (no ring)

@: very quick
A: unfitting armour, reduced essence, see invisible, herbivore 3, speed 3, slow
metabolism 2
a: Recall Ancestor, Ancestor Identity, Renounce Religion


You were on level 3 of the Dungeon.
You worshipped Hepliaklqana.
Hepliaklqana was aware of your devotion.
You were not hungry.

You visited 1 branch of the dungeon, and saw 3 of its levels.

You collected 148 gold pieces.

Inventory:

Hand Weapons
 d - a +2 dagger of freezing (weapon)
Missiles
 f - 6 needles of confusion
Armour
 a - a +0 robe (worn)
 e - a cursed +0 buckler (worn)
Potions
 h - a potion of heal wounds
Books
 b - a Young Poisoner's Handbook

   Spells                             Type                      Level
   a - Sting                          Conjuration/Poison           1
   b - Mephitic Cloud                 Conjuration/Poison/Air       3
   c - Olgreb's Toxic Radiance        Poison                       4
   d - Alistair's Intoxication        Transmutation/Poison         5
   e - Venom Bolt                     Conjuration/Poison           5
Comestibles
 c - 4 bread rations


   Skills:
 + Level 0.1 Fighting
 + Level 0.4 Short Blades
 + Level 3.3 Dodging
 + Level 4.5 Stealth
 + Level 3.3 Spellcasting
 + Level 0.4 Conjurations
 + Level 4.9 Poison Magic


You had 5 spell levels left.
You knew the following spells:

 Your Spells              Type           Power        Failure   Level  Hunger
a - Sting                 Conj/Pois      ##..         12%         1    None
b - Mephitic Cloud        Conj/Pois/Air  #.......     41%         3    ###....


Dungeon Overview and Level Annotations

Branches:
Dungeon (3/15)

Altars:
Ashenzari
Hepliaklqana
Vehumet
The Shining One

Annotations:
D:3 Jessica


Innate Abilities, Weirdness & Mutations

You are very small and have problems with some larger weapons.
You are too small for most types of armour.
You have supernaturally acute eyesight. (SInv)
You are a herbivore.
You cover ground extremely quickly.
You need consume almost no food.
Your life essence is reduced. (-10% HP)


Message History

Okay, then.
Casting: Sting
Confirm with . or Enter, or press ? or * to list all spells.
Aiming: Sting
Press: ? - help, Shift-Dir - straight line, f/p - orc
Aim: an orc, wearing a runed ring mail (lightly wounded, inner flame)
The sting misses the orc.
Jessica points at you and mumbles some strange words.
Pain shoots through your body!
Okay, then.
Okay, then.
You block Jessica's attack.
You hit the orc. You freeze the orc.
The orc is heavily wounded.
You block Jessica's attack. The orc hits you.
You hit the orc. You freeze the orc.
The orc explodes!
The fiery explosion engulfs you!
Ouch! That really hurt!
You die...

.# # .#.###
######.#.#..
#.§§@.....#
#.§§@.....#
#.....!...+
#...o.....#
#..%......#
#.........#
#..§§.....+
#.§§)§....#
##%%).....#


You could see Jessica and an orc.

Vanquished Creatures
  An orc wizard (D:3)
  2 adders (D:2)
  A worm (D:2)
  A leopard gecko (D:2)
  5 orcs (D:3)
  4 giant cockroaches
  4 goblins (D:2)
  5 hobgoblins
  An ancestor (D:3)
  A ball python (D:1)
  3 bats (D:2)
  5 frilled lizards
  A kobold (D:1)
  2 rats
36 creatures vanquished.

Vanquished Creatures (collateral kills)
  An adder (D:2)
  2 hobgoblins (D:2)
3 creatures vanquished.

Grand Total: 39 creatures vanquished

Notes
Turn   | Place    | Note
-------+----------+-------------------------------------------
     0 | D:1      | jerryfan the Spriggan Venom Mage began the quest for the Orb.
     0 | D:1      | Reached XP level 1. HP: 9/9 MP: 5/5
   678 | D:1      | Reached XP level 2. HP: 13/13 MP: 0/6
   891 | D:2      | Found a hazy altar of Hepliaklqana.
   895 | D:2      | Found a glowing golden altar of the Shining One.
   896 | D:2      | Found a shattered altar of Ashenzari.
   905 | D:2      | Became a worshipper of Hepliaklqana the Forgotten
   974 | D:2      | Found a radiant altar of Vehumet.
  1259 | D:2      | Reached XP level 3. HP: 14/14 MP: 1/8
  1502 | D:2      | Learned a level 3 spell: Mephitic Cloud
  1824 | D:3      | Reached * piety under Hepliaklqana
  1829 | D:3      | Noticed Jessica
  1831 | D:3      | Reached XP level 4. HP: 13/18 MP: 6/9
  1842 | D:3      | Killed from afar by an orc

Skill      XL: |  1  2  3 |
---------------+----------+-----
Spellcasting   | 3 |  3.3
Stealth        | 4 |  4.5
Fighting       | |  0.1
Short Blades   | |  0.4
Dodging        | |  3.3
Conjurations   | |  0.4
Poison Magic   | |  4.9

Action                   |  1- 3 |  4- 6 || total
-------------------------+-------+-------++-------
Melee: Unarmed           |     7 |       ||     7
       Dagger            |    97 |     2 ||    99
 Cast: Sting             |    31 |     3 ||    34
Invok: Recall Ancestor   |     1 |       ||     1
       Ancestor Identity |     1 |       ||     1
  Use: Scroll            |     6 |       ||     6
       Potion            |     2 |       ||     2
 Stab: Sleeping          |     5 |       ||     5
Armor: Robe              |     2 |       ||     2
Dodge: Dodged            |    44 |       ||    44
Block: Buckler           |       |     2 ||     2
